 Dungeon Crawl Stone Soup version 0.21-a0-528-gf531e82 (webtiles) character file.

933 KristoblXynda the Slasher (level 7, -5/55 HPs)
             Began as a Red Draconian Gladiator on Dec 8, 2017.
             Blown up by Ijyb (22 damage)
             ... with a wand of disintegration (8)
             ... on level 5 of the Dungeon.
             The game lasted 00:11:51 (3299 turns).

KristoblXynda the Slasher (Red Draconian Gladiator) Turns: 3299, Time: 00:11:52

Health: -5/55      AC:  8    Str: 17    XL:     7   Next: 86%
Magic:  7/7        EV: 15    Int: 11    God:
Gold:   262        SH:  0    Dex: 13    Spells: 6/6 levels left

rFire    + . .     SeeInvis .   q - +6 falchion (elec)
rCold    . . .     Gourm    .   (no shield)
rNeg     . . .     Faith    .   (armour unavailable)
rPois    .         Spirit   .   b - +0 hat
rElec    .         Reflect  .   (no cloak)
rCorr    .         Harm     .   p - +0 pair of gloves
MR       .....                  r - +0 pair of boots
Stlth    ++........             (no amulet)
HPRegen  0.18/turn              k - +2 ring of intelligence
MPRegen  0.10/turn              B - ring of wizardry

@: lethally poisoned (-5 -> -15)
A: breathe fire, unfitting armour, fire resistance 1, cold-blooded, AC +6
a: Breathe Fire


You were on level 5 of the Dungeon.
You were not hungry.

You visited 1 branch of the dungeon, and saw 5 of its levels.

You collected 262 gold pieces.

Inventory:

Hand Weapons
 a - a +0 long sword
 q - a +6 falchion of electrocution (weapon)
Missiles
 c - 3 throwing nets (quivered)
 j - 7 javelins of penetration
Armour
 b - a +0 hat (worn)
 p - a +0 pair of gloves (worn)
 r - a +0 pair of boots (worn)
Jewellery
 k - a +2 ring of intelligence (left hand)
 l - an uncursed amulet of faith
 B - a ring of wizardry (right hand)
Wands
 w - a wand of iceblast (6)
 x - a wand of enslavement (7)
 y - a wand of polymorph (16)
Scrolls
 g - a scroll of enchant weapon
 i - a scroll of teleportation
 s - 2 scrolls of remove curse
 u - 2 scrolls of amnesia
 v - a scroll of immolation
Potions
 e - 3 potions of cancellation
 f - 3 potions of curing
 o - 2 potions of lignification
 t - 2 potions of invisibility
 A - a potion of agility {unknown}
Comestibles
 d - 5 bread rations
 h - a chunk of flesh
 m - 3 meat rations
 n - 4 royal jellies


   Skills:
 - Level 2.1 Fighting
 + Level 6.0 Long Blades
 - Level 4.0 Throwing
 + Level 5.4 Dodging
 + Level 2.9 Stealth


You had 6 spell levels left.
You didn't know any spells.

Dungeon Overview and Level Annotations

Branches:
Dungeon (5/15)
 Temple: D:4-7

Altars:
Hepliaklqana
Okawaru
Ru

Annotations:
D:3 Nattefrost's ghost, amateur HOAK
D:5 Ijyb


Innate Abilities, Weirdness & Mutations

You can breathe blasts of fire.
Your fiery red scales are hard. (AC +6)
You cannot fit into any form of body armour.
Your flesh is heat resistant. (rF+)
You are cold-blooded and may be slowed by cold attacks.


Message History

You kill the water moccasin!
Your Long Blades skill increases to level 6!
You feel sick.
You feel sick.
You feel sick.
You feel sick.
You see here a whip.
You feel sick.
Ijyb shouts!
Ijyb zaps a wand.
You are blasted!
It is a wand of disintegration (8).
You feel sick.
You feel sick.
Ijyb throws a stone.
The stone closely misses you.
Unknown command.
Evoke which item? (* to show all) (? for menu, Esc to quit)
Aiming: Polymorph
Press: ? - help, Shift-Dir - straight line, f - Ijyb
Aim: Ijyb, wielding a dagger, wearing a leather armour and carrying a wand of disintegration (8) (chance to defeat MR: 54%) Ijyb resists with significant effort.
You feel sick.
Ijyb zaps a wand.
You are blasted!
You die...

#...........
#..#.#.# #.
#.........
#........#
#.....#g#
#.#.#...#
#.......#
##.#.#@#
#.....(#.#
#....#.#.#
#.##.#)#.#
#.##.#.#.###
#!#..#.....###
#.#...!.......
#.#........###
####.#.._..##.#


You could see Ijyb.

Vanquished Creatures
  A water moccasin (D:5)
  A black bear (D:4)
  A phantom (D:4)
  2 ogres (D:4)
  Blork the orc (D:4)
  4 hounds
  An orc priest (D:5)
  A centaur skeleton (D:4)
  A worker ant (D:5)
  Robin (D:3)
  4 adders
  5 oozes (D:1)
  6 worms
  3 dart slugs
  2 leopard geckos
  14 orcs
  5 giant cockroaches
  13 hobgoblins
  16 jackals
  2 quokkas
  3 ball pythons
  5 bats
  5 frilled lizards
  13 goblins
  5 kobolds
  A leopard gecko skeleton (D:4)
  10 rats
126 creatures vanquished.

Notes
Turn   | Place    | Note
-------+----------+-------------------------------------------
     0 | D:1      | KristoblXynda the Draconian Gladiator began the quest for the Orb.
     0 | D:1      | Reached XP level 1. HP: 17/17 MP: 1/1
     1 | D:1      | Found a runed door.
   262 | D:1      | Reached XP level 2. HP: 21/24 MP: 2/2
   687 | D:2      | Reached XP level 3. HP: 29/29 MP: 3/3
   707 | D:2      | Found a faded altar of an unknown god.
  1026 | D:2      | Reached XP level 4. HP: 34/36 MP: 4/4
  1325 | D:1      | Reached skill level 4 in Long Blades
  1414 | D:3      | Noticed Nattefrost's ghost (amateur HOAK)
  1744 | D:3      | Reached XP level 5. HP: 40/41 MP: 5/5
  1758 | D:3      | Noticed Robin
  1777 | D:3      | Killed Robin
  2063 | D:3      | Noticed Ijyb
  2705 | D:4      | Noticed a phantom
  2718 | D:4      | Killed a phantom
  2718 | D:4      | Reached XP level 6. HP: 44/48 MP: 6/6
  2739 | D:4      | Reached skill level 5 in Long Blades
  2824 | D:4      | Noticed Blork the orc
  2829 | D:4      | Killed Blork the orc
  2829 | D:4      | Your scales start taking on a fiery red colour.
  2829 | D:4      | Reached XP level 7. HP: 45/55 MP: 7/7
  2829 | D:4      | Gained mutation: Your flesh is heat resistant. (rF+) [Red Draconian growth]
  2868 | D:4      | Reached skill level 1 in Stealth
  2892 | D:4      | Found a sacrificial altar of Ru.
  2892 | D:4      | Found a hazy altar of Hepliaklqana.
  2994 | D:4      | Reached skill level 5 in Dodging
  3125 | D:5      | Entered Level 5 of the Dungeon
  3149 | D:5      | Found an iron altar of Okawaru.
  3273 | D:5      | Found an iron altar of Okawaru.
  3292 | D:5      | Reached skill level 6 in Long Blades
  3299 | D:5      | Blown up by Ijyb

Vault maps used:
D:1:      dpeg_arrival_caged_fury, minmay_misc_feat_room, minmay_hexomino_u4
D:2:      chequers_ecumenical_altar_island
D:3:      uniq_robin, uniq_ijyb
D:4:      gammafunk_temple_overflow_statue, uniq_blork_the_orc
D:5:      nicolae_overflow_hidden_temple, lemuel_doored_altar, temple_doors_cd,
          first_bread, serial_shops, shop, gup_sewer_entry_spiral, serial_glass,
          glass_columns_a, glass_columns_c, glass_columns_a, glass_columns_a,
          glass_columns_a, glass_columns_c, basic_altar, tgw_sif, uniq_pikel

Skill      XL: |  1  2  3  4  5  6  7 |
---------------+----------------------+-----
Throwing       | 2 3 4 |  4.0
Dodging        | 3 4 5 |  5.4
Long Blades    | 4 5 6 |  6.0
Stealth        | 2 |  2.9
Fighting       | |  2.1

Action                   |  1- 3 |  4- 6 |  7- 9 || total
-------------------------+-------+-------+-------++-------
Melee: Long sword        |    89 |    94 |       ||   183
       Tailslap          |    12 |    23 |     8 ||    43
       Falchion          |       |    51 |    41 ||    92
Throw: Javelin           |       |     1 |       ||     1
Evoke: Wand              |       |       |     1 ||     1
  Use: Scroll            |       |     7 |     7 ||    14
       Potion            |       |     1 |       ||     1
 Stab: Sleeping          |     1 |     1 |     2 ||     4
  Eat: Chunk             |       |     4 |       ||     4
       Bread ration      |       |     1 |       ||     1
Armor: Skin              |    34 |    62 |    13 ||   109
Dodge: Dodged            |    72 |   137 |    38 ||   247
       Rpst.: Long sword |    21 |    35 |       ||    56
       Falchion          |       |     8 |    13 ||    21

Table legend:
 A = Spawn XP
 B = Non-spawn XP
 C = Spawn XP percentage of total XP
 D = Spawn monster count
 E = Non-spawn monster count
 F = Spawn count percentage of total count
 G = Total turns spent on level
                    A         B        C        D         E        F      G
               +---------+---------+-------+---------+---------+-------+---------
         Total |       0 |    1334 |   0.0 |       0 |     126 |   0.0 |  3299
               +---------+---------+-------+---------+---------+-------+---------
           D:1 |       0 |      93 |   0.0 |       0 |      39 |   0.0 |   718
           D:2 |       0 |      63 |   0.0 |       0 |      20 |   0.0 |   980
           D:3 |       0 |     106 |   0.0 |       0 |      41 |   0.0 |  1007
           D:4 |       0 |     737 |   0.0 |       0 |      16 |   0.0 |   420
           D:5 |       0 |     335 |   0.0 |       0 |      10 |   0.0 |   174
               +---------+---------+-------+---------+---------+-------+---------
